[Event "Titled Tuesday Blitz September 28 2021"]
[White "AleksanderHnydiuk"]
[Black "Navalgund, Niranjan"]
[BlackFideId "5030854"]
[WhiteElo "2585"]
[BlackElo "2290"]
[Result "1-0"]
[Round "06"]
[TimeControl "180+1"]
[Date "2021.09.28"]
[WhiteClock "0:00:05"]
[BlackClock "0:00:22"]

1. e4 e5 2. Nf3 Nc6 3. d4 exd4 4. Nxd4 Bc5 5. Nxc6 Qf6 6. Qf3 bxc6 7. Nc3 Rb8 8. Bc4 Bd4 9. Bd2 Rxb2 10. Bb3 c5 11. O-O-O Rxb3 12. cxb3 Qa6 13. Kb1 Ne7 14. Ne2 Nc6 15. Nf4 O-O 16. Nd5 Ne5 17. Qg3 d6 18. Bc3 Bxc3 19. Qxc3 Qb7 20. Ka1 a5 21. Qxa5 Bg4 22. Qxc7 Qa6 23. Ne7+ Kh8 24. Qxd6 Qa5 25. Qxe5 Ra8 26. Qb2 Bxd1 27. Rxd1 h6 28. Nf5 f6 29. Qd2 Qa3 30. Qb2 Qa5 31. Nd6 Qb4 32. Nc4 Qb7 33. e5 fxe5 34. Qxe5 Qxb3 35. Rd8+ Kh7 36. Qf5+ g6 37. Qf7# 1-0


[Site "https://www.chess.com"]

[Event "Titled Tuesday Blitz September 28 2021"]
[White "Andreikin, Dmitry"]
[Black "Kollars, Dmitrij"]
[WhiteFideId "4158814"]
[BlackFideId "12909572"]
[WhiteElo "3020"]
[BlackElo "2924"]
[Result "1-0"]
[Round "06"]
[TimeControl "180+1"]
[Date "2021.09.28"]
[WhiteClock "0:00:04"]
[BlackClock "0:00:01"]

1. d4 Nf6 2. c4 e6 3. Nf3 d5 4. Nc3 c6 5. g3 Nbd7 6. Bg2 dxc4 7. O-O b5 8. e4 Bb7 9. e5 Nd5 10. Ng5 h6 11. Nxe6 fxe6 12. Qh5+ Ke7 13. Ne4 Qe8 14. Bg5+ hxg5 15. Qxh8 Kd8 16. Nxg5 Kc7 17. Qh3 Kb6 18. Nxe6 a5 19. Rfc1 Bc8 20. Nxf8 Nxf8 21. Qh8 Qf7 22. a4 Bb7 23. Qh4 Ne6 24. Bxd5 cxd5 25. axb5 Rf8 26. Rf1 Bc8 27. Ra3 g5 28. Qh6 Kxb5 29. f3 Qa7 30. Rd1 Rf7 31. Kg2 Rh7 32. Qg6 Nxd4 33. Qd6 Bh3+ 34. Kh1 Rd7 35. Qf8 g4 36. f4 Nf3 37. Qe8 d4 38. e6 Kc6 39. Qxd7+ Qxd7 40. exd7 Kxd7 41. Rxa5 Kc6 42. Rf5 Kd6 43. Re5 Nxe5 44. Rxd4+ Kc5 45. fxe5 Kxd4 46. e6 Ke3 47. Kg1 1-0


[Site "https://www.chess.com"]

[Event "Titled Tuesday Blitz September 28 2021"]
[White "Aradhya, Garg"]
[Black "Buscar, Michael"]
[WhiteFideId "25006746"]
[BlackFideId "2603616"]
[WhiteElo "2146"]
[BlackElo "2010"]
[Result "1-0"]
[Round "06"]
[TimeControl "180+1"]
[Date "2021.09.28"]
[WhiteClock "0:01:20"]
[BlackClock "0:00:14"]

1. d4 d5 2. c4 e6 3. Nc3 c5 4. cxd5 exd5 5. Nf3 Nc6 6. dxc5 d4 7. Na4 Bxc5 8. Nxc5 Qa5+ 9. Bd2 Qxc5 10. Rc1 Qb6 11. b4 Be6 12. Qa4 Rd8 13. b5 Nb8 14. Ba5 Qd6 15. Bxd8 Qxd8 16. Qxa7 Nf6 17. Nxd4 Bd5 18. e3 O-O 19. Be2 Bxg2 20. Rg1 Bd5 21. Qc5 Ne4 22. Qb4 g6 23. Nf3 Re8 24. Nd2 Ng5 25. a4 Qf6 26. Qf4 Qxf4 27. exf4 Nf3+ 28. Nxf3 Bxf3 29. Rc2 Nd7 30. Rg3 Be4 31. Re3 Nf6 32. Rc4 Bd5 33. Rxe8+ Nxe8 34. Rd4 Nf6 35. a5 Kf8 36. a6 bxa6 37. bxa6 Ke7 38. a7 Ba8 39. Rb4 Ne8 40. Rb8 Nc7 41. Ba6 Nxa6 42. Rxa8 Nc7 43. Rc8 Kd7 44. Rxc7+ Kxc7 45. a8=Q 1-0


[Site "https://www.chess.com"]

[Event "Titled Tuesday Blitz September 28 2021"]
[White "Assaubayeva, Bibisara"]
[Black "Petriashvili, Nikoloz"]
[WhiteFideId "13708694"]
[BlackFideId "13611216"]
[WhiteElo "2232"]
[BlackElo "2430"]
[Result "1-0"]
[Round "06"]
[TimeControl "180+1"]
[Date "2021.09.28"]
[WhiteClock "0:00:07"]
[BlackClock "0:00:04"]

1. d4 Nf6 2. c4 g6 3. Nc3 d5 4. cxd5 Nxd5 5. e4 Nxc3 6. bxc3 Bg7 7. Be3 c5 8. Qd2 Qa5 9. Rc1 O-O 10. Nf3 Nd7 11. Be2 Nf6 12. Bd3 Ng4 13. Bg5 Re8 14. O-O Bd7 15. h3 Nf6 16. Qb2 Qb6 17. Rb1 Qxb2 18. Rxb2 cxd4 19. cxd4 b6 20. Rc1 Rac8 21. Rbc2 Rxc2 22. Rxc2 Rc8 23. Rxc8+ Bxc8 24. Kf1 Bb7 25. Nd2 Nd7 26. Be3 Kf8 27. Ke2 e6 28. Bb5 Ke7 29. Kd3 a6 30. Bc4 b5 31. Bb3 f5 32. f3 fxe4+ 33. Nxe4 h6 34. h4 a5 35. a3 Bc6 36. Bd2 a4 37. Bb4+ Kd8 38. Bxe6 Nb6 39. Ba5 Kc7 40. Nc5 Be8 41. d5 Bf8 42. Ne4 Bxa3 43. d6+ Kc6 44. Bxb6 Kxb6 45. d7 Bxd7 46. Bxd7 Be7 47. Nc3 a3 48. Kc2 Bxh4 49. Bxb5 Kc5 50. Bd3 g5 51. Ne2 Be1 52. Kb3 Bb4 53. Ba6 h5 54. Bc8 h4 55. Ba6 Kb6 56. Bd3 Bd6 57. Nc3 Be7 58. Nb1 Kc5 59. Nxa3 Kd4 60. Bf5 Ke3 61. Bh3 Kf2 62. Nc4 Kg3 63. Kc2 Kf4 64. Kd3 Bc5 65. Nd2 Be3 66. Ne4 Ba7 67. Kc4 Be3 68. Kd5 Bc1 69. Ke6 Bb2 70. Kf7 g4 71. Bxg4 Be5 72. Bh3 Bd4 73. Kg6 Bb6 74. Kh5 Bd8 75. Nd6 Kg3 76. Nf5+ Kf4 77. Nxh4 Bb6 78. Ng6+ Kg3 79. Kg5 Be3+ 80. f4 Bd2 81. Kf5 Bc1 82. Ke4 Bb2 83. f5 Bf6 84. Kd5 Bb2 85. Ke6 Bc3 86. f6 Bxf6 1-0


[Site "https://www.chess.com"]

[Event "Titled Tuesday Blitz September 28 2021"]
[White "Atabayev, Maksat"]
[Black "Lysyj, Igor"]
[WhiteFideId "14001101"]
[BlackFideId "4150120"]
[WhiteElo "2457"]
[BlackElo "2660"]
[Result "0-1"]
[Round "06"]
[TimeControl "180+1"]
[Date "2021.09.28"]
[WhiteClock "0:00:02"]
[BlackClock "0:00:20"]

1. e4 e5 2. Nf3 Nc6 3. Nc3 Nf6 4. d4 exd4 5. Nxd4 Bb4 6. Nxc6 bxc6 7. Bd3 O-O 8. O-O d5 9. exd5 cxd5 10. h3 c6 11. Qf3 Bd6 12. Bf4 Qc7 13. Bxd6 Qxd6 14. Ne2 Bd7 15. b3 c5 16. Rad1 Bc6 17. c3 Rad8 18. Qf4 Rfe8 19. Qxd6 Rxd6 20. Ng3 g6 21. b4 Ba4 22. Rde1 Rc8 23. Re7 Bd7 24. Ne2 Kf8 25. Re5 Rb6 26. a3 a5 27. bxa5 Rb3 28. Ra1 Ra8 29. a6 c4 30. Bc2 Rb2 31. Nd4 Rxa6 32. a4 Ra5 33. f3 Nh5 34. Kh2 Nf4 35. Kg3 Ne6 36. Nxe6+ fxe6 37. Bd1 Rd2 38. Re3 Ke7 39. f4 Kd6 40. Rb1 Kc7 41. Bg4 Ra6 42. Rbe1 Rc2 43. Kh4 Rxg2 44. Bxe6 Bxe6 45. Rxe6 Rxe6 46. Rxe6 Rc2 47. Re3 Rd2 48. Kg5 Rd3 49. Re7+ Kd6 50. Rxh7 Rg3+ 51. Kf6 Rxc3 52. Kxg6 Rg3+ 53. Kf5 c3 54. Rh8 d4 55. Ke4 c2 0-1


[Site "https://www.chess.com"]

[Event "Titled Tuesday Blitz September 28 2021"]
[White "Atabayev, Saparmyrat"]
[Black "Pichot, Alan"]
[WhiteFideId "14000571"]
[BlackFideId "110973"]
[WhiteElo "2483"]
[BlackElo "2600"]
[Result "0-1"]
[Round "06"]
[TimeControl "180+1"]
[Date "2021.09.28"]
[WhiteClock "0:00:10"]
[BlackClock "0:01:17"]

1. e4 c5 2. d4 cxd4 3. Nf3 e6 4. Nxd4 Nc6 5. Nc3 Qc7 6. Ndb5 Qb8 7. Be3 a6 8. Nd4 Nf6 9. Bd3 Ne5 10. f4 Nxd3+ 11. cxd3 d6 12. Qf3 b5 13. O-O Bb7 14. Rac1 Be7 15. a4 b4 16. Na2 a5 17. Nc6 Qc7 18. Na7 Qd8 19. Nb5 O-O 20. Rc7 Rb8 21. Ba7 Bxe4 22. dxe4 Rxb5 23. Rfc1 Rc5 24. Bxc5 Qxc7 25. Bd4 Qb7 26. e5 Qxf3 27. gxf3 Nd5 28. Rc6 Nxf4 29. exd6 Ne2+ 30. Kf2 Nxd4 31. dxe7 Nxc6 32. exf8=Q+ Kxf8 33. Nc1 Ke7 34. Nb3 Kd6 35. Nxa5 Nxa5 0-1


[Site "https://www.chess.com"]

[Event "Titled Tuesday Blitz September 28 2021"]
[White "Avramidou, Anastasia"]
[Black "Tanenbaum, Zachary"]
[WhiteFideId "4239873"]
[BlackFideId "2060850"]
[WhiteElo "2183"]
[BlackElo "2165"]
[Result "0-1"]
[Round "06"]
[TimeControl "180+1"]
[Date "2021.09.28"]
[WhiteClock "0:01:19"]
[BlackClock "0:00:34"]

1. Nf3 d5 2. d4 Nf6 3. c4 dxc4 4. e3 a6 5. Bxc4 e6 6. Qe2 c5 7. dxc5 Bxc5 8. O-O O-O 9. Nc3 b5 10. Bd3 Bb7 11. Rd1 Qe7 12. a3 Nc6 13. b4 Bd6 14. Bb2 Rac8 15. Rac1 Ne5 16. Nxe5 Bxe5 17. f4 Bb8 18. Rf1 Ba7 19. Kh1 Rfd8 20. e4 h5 21. e5 Ng4 22. Ne4 Rxc1 23. Bxc1 Qh4 24. g3 Qh3 25. Bb1 Bxe4+ 26. Bxe4 Nxh2 27. Bg2 Nxf1+ 0-1


[Site "https://www.chess.com"]

[Event "Titled Tuesday Blitz September 28 2021"]
[White "Babiy, Olga"]
[Black "Nozdrachev, Leonid"]
[WhiteFideId "14117258"]
[BlackFideId "24113433"]
[WhiteElo "2253"]
[BlackElo "2196"]
[Result "1/2-1/2"]
[Round "06"]
[TimeControl "180+1"]
[Date "2021.09.28"]
[WhiteClock "0:01:05"]
[BlackClock "0:01:12"]

1. d4 Nf6 2. Nf3 e6 3. Bf4 d5 4. e3 c5 5. Nbd2 Nc6 6. c3 Bd6 7. Bg3 O-O 8. Bd3 b6 9. e4 dxe4 10. Nxe4 Nxe4 11. Bxe4 Bb7 12. dxc5 Bxc5 13. Qa4 Na5 14. Bxb7 Nxb7 15. Rd1 Qc8 16. O-O Rd8 17. Rxd8+ Qxd8 18. Rd1 Qe8 19. Qe4 Rd8 20. Rxd8 Qxd8 21. h4 Nd6 22. Qd3 Nb7 23. Qe4 Nd6 24. Qd3 Nb7 25. Qe4 1/2-1/2


[Site "https://www.chess.com"]

[Event "Titled Tuesday Blitz September 28 2021"]
[White "Begmuratov, Khumoyun"]
[Black "Rogac, Srdjan"]
[WhiteFideId "14210207"]
[BlackFideId "920576"]
[WhiteElo "1948"]
[BlackElo "2389"]
[Result "1-0"]
[Round "06"]
[TimeControl "180+1"]
[Date "2021.09.28"]
[WhiteClock "0:00:06"]
[BlackClock "0:00:14"]

1. Nf3 Nf6 2. g3 b6 3. Bg2 Bb7 4. O-O e6 5. c4 Be7 6. Nc3 O-O 7. b3 d5 8. cxd5 Nxd5 9. Bb2 Nxc3 10. Bxc3 Bf6 11. Qc2 Bxc3 12. dxc3 Nd7 13. Rad1 Qe7 14. Nd4 Bxg2 15. Kxg2 Nf6 16. e4 c5 17. Nf3 Qb7 18. Rfe1 Rfd8 19. e5 Nd5 20. Qe4 Qe7 21. Rd3 Rac8 22. Red1 h6 23. Rc1 Rd7 24. h4 Rcd8 25. Rd2 Nc7 26. Rcd1 Rxd2 27. Rxd2 Rxd2 28. Nxd2 Nd5 29. Qd3 Qb7 30. Kh2 b5 31. Ne4 c4 32. bxc4 bxc4 33. Qxc4 Qb2 34. Qd4 Qxa2 35. c4 Nb6 36. c5 Nd5 37. Nd6 Qc2 38. h5 a5 39. Nc4 a4 40. c6 a3 41. Nxa3 Qxc6 42. Nc4 Qa4 43. Qd3 Qa1 44. Kg2 Qe1 45. Qf3 Nc3 46. Nd6 Qxe5 47. Qxf7+ Kh7 48. Qg6+ Kg8 49. Qe8+ Kh7 50. Nf7 Qd5+ 51. f3 Qxh5 52. Qxe6 Qd5 53. Qe8 Nd1 54. Ne5 Ne3+ 55. Kh3 Nc4 56. Qg6+ Kg8 57. Ng4 Qd7 58. Kh2 Kh8 59. Qe4 Nd6 60. Qa8+ Qe8 61. Qd5 Qe7 62. Qa8+ Qe8 63. Qd5 Qe7 64. Ne5 1-0


[Site "https://www.chess.com"]

[Event "Titled Tuesday Blitz September 28 2021"]
[White "Bologan, Victor"]
[Black "Bluebaum, Matthias"]
[WhiteFideId "13900048"]
[BlackFideId "24651516"]
[WhiteElo "2511"]
[BlackElo "2681"]
[Result "0-1"]
[Round "06"]
[TimeControl "180+1"]
[Date "2021.09.28"]
[WhiteClock "0:00:58"]
[BlackClock "0:02:15"]

1. e4 e6 2. d4 d5 3. exd5 exd5 4. Nf3 Nc6 5. Nc3 Bb4 6. Bd3 Nge7 7. O-O Bg4 8. h3 Bh5 9. Be3 f6 10. Ne2 Bxf3 11. gxf3 Qd7 12. Kg2 Ng6 13. Nf4 Nh4+ 14. Kg1 Bd6 15. Ng2 Qxh3 0-1


[Site "https://www.chess.com"]

[Event "Titled Tuesday Blitz September 28 2021"]
[White "Bortnyk, Olexandr"]
[Black "Vrencian, Lehel"]
[WhiteFideId "14120828"]
[BlackFideId "1230999"]
[WhiteElo "2966"]
[BlackElo "2459"]
[Result "1-0"]
[Round "06"]
[TimeControl "180+1"]
[Date "2021.09.28"]
[WhiteClock "0:01:50"]
[BlackClock "0:01:18"]

1. e4 c5 2. c3 e6 3. d4 d5 4. exd5 exd5 5. Be3 cxd4 6. Bxd4 Nc6 7. Nf3 Nge7 8. Nbd2 Nf5 9. Nb3 Bd6 10. Be2 O-O 11. O-O Re8 12. Qd2 a6 13. Rfe1 Bd7 14. Rad1 Nfxd4 15. Nbxd4 Qf6 16. Nc2 Be6 17. Qg5 Be7 18. Qxf6 Bxf6 19. Nfd4 Bd7 20. Nb3 Ne7 21. Bf3 Bc6 22. Nb4 Rad8 23. Na5 Ba4 1-0


[Site "https://www.chess.com"]

[Event "Titled Tuesday Blitz September 28 2021"]
[White "Corrales Jimenez, Fidel"]
[Black "Borsuk, Konstantin"]
[WhiteFideId "3506690"]
[BlackFideId "14113406"]
[WhiteElo "2555"]
[BlackElo "2414"]
[Result "0-1"]
[Round "06"]
[TimeControl "180+1"]
[Date "2021.09.28"]
[WhiteClock "0:00:06"]
[BlackClock "0:00:11"]

1. e4 e6 2. d4 d5 3. e5 c5 4. c3 Nc6 5. Nf3 Qb6 6. a3 c4 7. Be2 Na5 8. Nbd2 Bd7 9. O-O Ne7 10. Re1 h6 11. h4 O-O-O 12. h5 Kb8 13. Rb1 f5 14. Nf1 Nb3 15. N3h2 g5 16. hxg6 Nxg6 17. Bh5 Rg8 18. Be3 f4 19. Bd2 Nxd2 20. Nxd2 Nh4 21. Bg4 h5 22. Bh3 Be8 23. b3 Bg6 24. Rb2 Be7 25. b4 Rg7 26. a4 Rdg8 27. Nhf3 Nxg2 28. Kxg2 Bc2+ 29. Kh2 Bxd1 30. Rxd1 Rg6 31. Rbb1 Qd8 32. Rg1 Qe8 33. Rxg6 Rxg6 34. Ng1 Qxa4 35. Ndf3 Qc2 36. Rf1 Qxc3 37. b5 Qb2 38. Re1 Qxf2+ 39. Kh1 c3 40. Re2 Qg3 41. Rg2 c2 42. Rxc2 a5 43. Rg2 a4 44. Rxg3 fxg3 45. Bxe6 Rxe6 46. Ne2 a3 47. Nc3 Rb6 48. Kg2 Rxb5 49. Nxb5 a2 50. Nc3 a1=Q 51. Ne2 h4 52. Nfg1 b5 53. Kh3 b4 54. Nf3 b3 55. Nf4 Qf1+ 56. Kg4 g2 57. Nh3 b2 58. Nh2 b1=Q 59. Nxf1 gxf1=Q 60. Kh5 Qbf5+ 61. Kh6 Q5xh3 0-1


[Site "https://www.chess.com"]

[Event "Titled Tuesday Blitz September 28 2021"]
[White "Costachi, Mihnea"]
[Black "Urazayev, Arystanbek"]
[WhiteFideId "1217518"]
[BlackFideId "13709810"]
[WhiteElo "2482"]
[BlackElo "2321"]
[Result "1-0"]
[Round "06"]
[TimeControl "180+1"]
[Date "2021.09.28"]
[WhiteClock "0:00:38"]
[BlackClock "0:00:13"]

1. d4 Nf6 2. c4 g6 3. Nc3 Bg7 4. e4 d6 5. Be2 O-O 6. Bg5 a6 7. Nf3 Nbd7 8. O-O h6 9. Bh4 c5 10. d5 b5 11. cxb5 axb5 12. Bxb5 Qb6 13. Re1 Ba6 14. a4 Bxb5 15. axb5 g5 16. Bg3 Nh5 17. Qb3 Nxg3 18. hxg3 Ra5 19. Rxa5 Qxa5 20. Nd2 Rb8 21. Nc4 Qb4 22. Qxb4 cxb4 23. Na4 Rxb5 24. b3 Nc5 25. Nxc5 Rxc5 26. Re2 Bd4 27. Ra2 f5 28. Re2 fxe4 29. Rxe4 Rxd5 30. Rxe7 Bc5 31. Ne3 Rd3 32. Ng4 Rxb3 33. Rd7 Kf8 34. Nf6 Bd4 35. Rxd6 Rb1+ 36. Kh2 Be5 37. Re6 Bc3 38. Nd5 Bd4 39. Re4 Bxf2 40. Nxb4 h5 41. Nd3 1-0


[Site "https://www.chess.com"]

[Event "Titled Tuesday Blitz September 28 2021"]
[White "Di Nicolantonio, Lucas"]
[Black "Leitao, Rafael"]
[WhiteFideId "680460"]
[BlackFideId "2101246"]
[WhiteElo "2381"]
[BlackElo "2609"]
[Result "1-0"]
[Round "06"]
[TimeControl "180+1"]
[Date "2021.09.28"]
[WhiteClock "0:00:19"]
[BlackClock "0:00:07"]

1. Nf3 Nf6 2. c4 e6 3. Nc3 d5 4. e3 a6 5. b3 c5 6. Bb2 Nc6 7. cxd5 exd5 8. d4 cxd4 9. Nxd4 Bc5 10. Nxc6 bxc6 11. Bd3 O-O 12. O-O Bd6 13. Rc1 Qe7 14. Ne2 Ng4 15. h3 Ne5 16. Nf4 Qg5 17. Bxe5 Bxe5 18. Rxc6 d4 19. Qh5 Qxh5 20. Nxh5 dxe3 21. fxe3 Bb7 22. Rc2 Rfd8 23. Bc4 Rd7 24. Rcf2 Rf8 25. Nf4 g6 26. Ne6 Rc8 27. Ng5 Rxc4 28. bxc4 f6 29. Nf3 Bg3 30. Rb2 Be4 31. Nd4 Kf7 32. Rb6 Be5 33. c5 h5 34. Rfb1 Rc7 35. Rc1 Ke7 36. c6 Kd6 37. Rd1 Kc5 38. Rxa6 Bd5 39. Ra5+ Kc4 40. Rxd5 Kxd5 41. Nb5+ Kxc6 42. Nxc7 Kxc7 43. a4 Kb6 44. Rd5 g5 45. Rb5+ Kc6 46. g4 hxg4 47. hxg4 Bc7 48. Kg2 Kd6 49. Kf3 1-0


[Site "https://www.chess.com"]

[Event "Titled Tuesday Blitz September 28 2021"]
[White "Wagner, Dinara"]
[Black "Le, Tuan Minh"]
[WhiteFideId "24157570"]
[BlackFideId "12401153"]
[WhiteElo "2260"]
[BlackElo "2450"]
[Result "0-1"]
[Round "06"]
[TimeControl "180+1"]
[Date "2021.09.28"]
[WhiteClock "0:00:03"]
[BlackClock "0:00:06"]

1. d4 d5 2. c4 c6 3. Nf3 Nf6 4. g3 Bf5 5. Nc3 e6 6. Nh4 Be4 7. f3 Bg6 8. Qb3 Qd7 9. Nxg6 hxg6 10. Bg2 Be7 11. O-O O-O 12. Rd1 Rd8 13. e4 dxe4 14. fxe4 Qc7 15. Bf4 Qb6 16. Qxb6 axb6 17. e5 Nfd7 18. Ne4 Na6 19. a3 Nc7 20. Rac1 b5 21. cxb5 Nxb5 22. Be3 Nc7 23. Bf2 Nd5 24. h3 N7b6 25. Kh2 Na4 26. Rc2 Rd7 27. Rdd2 Rad8 28. Rc4 Nab6 29. Rcc2 f5 30. exf6 gxf6 31. Bf3 Kf7 32. Nc5 Bxc5 33. dxc5 Nc8 34. Re2 Nce7 35. Bg4 Nf5 36. Bf3 Nc7 37. g4 Nd4 38. Bxd4 Rxd4 39. Kg3 e5 40. Rf2 Ne6 41. Be2 Nf4 42. Bc4+ Kg7 43. b4 f5 44. gxf5 gxf5 45. Kh2 Kf6 46. b5 Rh8 47. Bf1 Re4 48. bxc6 bxc6 49. Rcd2 Re3 50. Rd6+ Ke7 51. Rxc6 Nxh3 52. Rxf5 Ng5+ 53. Kg2 Ne6 54. Kf2 Re4 55. Bg2 Rf4+ 56. Rxf4 Nxf4 57. Rc7+ Kd8 58. Rg7 Nd3+ 59. Ke3 Nxc5 60. a4 Nxa4 61. Ke4 Re8 62. Rg5 Nc5+ 63. Kd5 Nd3 64. Be4 Nf4+ 65. Kc4 Kc7 66. Rf5 Kd6 67. Rf6+ Ke7 68. Rf5 Rc8+ 69. Kb4 Ke6 70. Rg5 Rc1 71. Rg8 Rd1 72. Re8+ Kf6 73. Rf8+ Ke7 74. Ra8 Rd4+ 75. Kc3 Rxe4 76. Ra7+ Ke6 77. Ra6+ Kf5 78. Kd2 Re2+ 79. Kd1 Rh2 80. Ra5 Ke4 81. Ra4+ Ke3 82. Ra3+ Nd3 83. Ra4 Rd2# 0-1


[Site "https://www.chess.com"]

[Event "Titled Tuesday Blitz September 28 2021"]
[White "Dzhaparov, Medet"]
[Black "Gelman, Alexander"]
[WhiteFideId "13803689"]
[BlackFideId "4118316"]
[WhiteElo "1702"]
[BlackElo "2375"]
[Result "1-0"]
[Round "06"]
[TimeControl "180+1"]
[Date "2021.09.28"]
[WhiteClock "0:00:06"]
[BlackClock "0:00:06"]

1. d4 Nf6 2. c4 c5 3. d5 b5 4. cxb5 a6 5. bxa6 e6 6. Nc3 exd5 7. Nxd5 Nxa6 8. Nf3 Nxd5 9. Qxd5 Nc7 10. Qd1 d5 11. e3 Bd6 12. Be2 O-O 13. O-O Qf6 14. Ne1 Rd8 15. Nd3 Bf5 16. Bd2 Ne6 17. b3 c4 18. Nb4 c3 19. Bxc3 Qxc3 20. Nxd5 Qe5 21. f4 Qb2 22. Bf3 Nc5 23. Rf2 Qa3 24. Nb6 Be7 25. Qc1 Qxc1+ 26. Rxc1 Ra6 27. Nd5 Bf8 28. Rd2 Re8 29. Nc7 Rxe3 30. Nxa6 Nxa6 31. Rd8 g6 32. Rc6 Nb4 33. Rb6 Nxa2 34. Rbb8 Kg7 35. Rxf8 Nc3 36. Rg8+ Kf6 37. Rb6+ Ke7 38. Kf2 Rd3 39. Rgb8 Rd2+ 40. Kg3 h6 41. h3 h5 42. Kh2 Rb2 43. R8b7+ Kf8 44. Rf6 Be6 45. f5 gxf5 46. Bxh5 Nd5 47. Rfxf7+ Bxf7 48. Rxf7+ Ke8 49. Rxf5+ Kd7 50. Rxd5+ Ke6 51. Rd3 1-0


[Site "https://www.chess.com"]

[Event "Titled Tuesday Blitz September 28 2021"]
[White "Erdogdu, Mert"]
[Black "Onyshchuk, Volodymyr"]
[WhiteFideId "6301495"]
[BlackFideId "14114038"]
[WhiteElo "2485"]
[BlackElo "2603"]
[Result "0-1"]
[Round "06"]
[TimeControl "180+1"]
[Date "2021.09.28"]
[WhiteClock "0:00:12"]
[BlackClock "0:00:12"]

1. e4 e5 2. Nf3 Nc6 3. Bc4 Bc5 4. d3 Nf6 5. O-O d6 6. c3 a5 7. Nbd2 O-O 8. h3 h6 9. Re1 Be6 10. Bb5 Qb8 11. Nf1 Qa7 12. Be3 Bxe3 13. Nxe3 Ne7 14. d4 Ng6 15. Bd3 Rfe8 16. Qd2 a4 17. Bc2 Rad8 18. Rad1 c5 19. dxe5 dxe5 20. Qxd8 Rxd8 21. Rxd8+ Kh7 22. Nd5 Bxd5 23. exd5 Qb6 24. Ra8 Qxb2 25. Bf5 Qxc3 26. Rxe5 Qa1+ 27. Kh2 Qxa2 28. h4 Qxf2 29. h5 Ng4+ 30. Bxg4 Nxe5 31. Nxe5 Qf4+ 32. g3 Qxe5 33. Rxa4 Qxd5 34. Rf4 b5 35. Bf3 Qa2+ 36. Kh3 b4 37. Re4 Qb3 38. Kg4 g6 39. Re7 Kg7 40. hxg6 Kxg6 41. Be4+ Kg7 42. Rc7 Qc4 43. Kf4 b3 44. Rb7 Qa4 45. Ke5 Qd4+ 46. Kf4 c4 47. g4 b2 48. Kf5 Qf6# 0-1


[Site "https://www.chess.com"]

[Event "Titled Tuesday Blitz September 28 2021"]
[White "Fier, Alexandr"]
[Black "Tologon tegin, Semetei"]
[WhiteFideId "2107139"]
[BlackFideId "13800574"]
[WhiteElo "2569"]
[BlackElo "2224"]
[Result "1/2-1/2"]
[Round "06"]
[TimeControl "180+1"]
[Date "2021.09.28"]
[WhiteClock "0:01:25"]
[BlackClock "0:00:11"]

1. d4 Nf6 2. Bg5 d5 3. Bxf6 gxf6 4. c4 c6 5. cxd5 cxd5 6. Nc3 Nc6 7. e3 f5 8. Bd3 e6 9. Nge2 Bd6 10. g3 a6 11. Nf4 Bxf4 12. gxf4 Bd7 13. Rc1 Qh4 14. Qb3 b5 15. Nb1 Rg8 16. Nd2 Rg2 17. Rf1 Qxh2 18. Qa3 Qh4 19. Qd6 Rc8 20. a4 Qe7 21. Qc5 Nb4 22. Qxe7+ Kxe7 23. Rxc8 Nxd3+ 24. Ke2 Nxf4+ 25. exf4 Bxc8 26. a5 Bd7 27. Rh1 Rg7 28. b4 f6 29. Nb3 Kd6 30. Nc5 Bc8 31. Rh6 Ke7 32. Ke3 Kf7 33. Kf3 Ke7 34. Ke3 Kf7 35. Rh1 Ke7 36. Kf3 Kd6 37. Rh2 Ke7 38. Rh1 Kd6 39. Rc1 Rg8 40. Nd3 Bd7 41. Rh1 Rg7 42. Rh6 Ke7 43. Nc1 Be8 44. Nd3 Bd7 45. Ke3 Bc8 46. Nc1 Rf7 47. Ne2 Kf8 48. Rh1 Kg7 49. Rc1 Bb7 50. Ng3 Kg6 51. Rg1 h5 52. Ne4+ Kh6 53. Nd6 Rd7 54. Ne8 Rf7 55. Rg8 Bc6 56. Nd6 Rg7 57. Rh8+ Rh7 58. Rc8 Bd7 59. Rc7 h4 60. Kf3 Kg6 61. Kg2 e5 62. fxe5 fxe5 63. dxe5 f4 64. Kh2 f3 65. Nb7 d4 66. Nc5 Bf5 67. Rc6+ Kg5 68. Rxa6 d3 69. Rd6 Kf4 70. Nxd3+ Bxd3 71. Rxd3 Kxe5 72. Ra3 Ra7 73. Kh3 Kd4 74. Kxh4 Kc4 75. Rxf3 Kxb4 76. Kg5 Rxa5 77. Rf8 Kb3 78. Rb8 b4+ 79. Kg6 Ka3 80. f4 b3 81. f5 b2 82. f6 Ra6 83. Kg7 Rxf6 84. Kxf6 Ka2 85. Ra8+ Kb3 86. Rb8+ Ka2 87. Ke5 b1=Q 88. Ra8+ Kb2 89. Rb8+ Kc1 90. Rxb1+ Kxb1 1/2-1/2


[Site "https://www.chess.com"]

[Event "Titled Tuesday Blitz September 28 2021"]
[White "Gabrielian, Artur"]
[Black "Noboa Silva, Kevin"]
[WhiteFideId "4131002"]
[BlackFideId "3618471"]
[WhiteElo "2489"]
[BlackElo "2161"]
[Result "0-1"]
[Round "06"]
[TimeControl "180+1"]
[Date "2021.09.28"]
[WhiteClock "0:00:15"]
[BlackClock "0:00:20"]

1. e4 e6 2. d3 c5 3. Nf3 Nc6 4. g3 d6 5. Bg2 Nf6 6. O-O Be7 7. Re1 O-O 8. c3 Bd7 9. d4 cxd4 10. cxd4 d5 11. e5 Ne4 12. Nc3 Nxc3 13. bxc3 Rc8 14. h4 h6 15. Bf4 Na5 16. Qc1 Re8 17. h5 Bf8 18. g4 Qc7 19. Re3 Nc4 20. Re2 Na3 21. Bd2 Bb5 22. Re1 Nc4 23. Bf4 Na3 24. Re3 Nc4 25. Re1 Na3 26. g5 Qxc3 27. gxh6 Qxc1 28. Raxc1 gxh6 29. Nh2 Nc2 30. Red1 Ba3 31. Rb1 Be2 32. Rd2 Bxh5 33. Rd3 Bg6 34. Rg3 Nxd4 35. Rxg6+ fxg6 36. Bxh6 Re7 37. Ng4 Rec7 38. Nf6+ Kh8 39. Kh2 Nf5 40. Bf4 Kg7 41. Rb3 Be7 42. Bh3 b6 43. Bg5 Rc3 44. Bxf5 Rxb3 45. Bxe6 Rh8+ 46. Kg2 Rb2 47. Bxd5 Rd8 48. Be4 Rxa2 49. Be3 Bxf6 50. exf6+ Kxf6 51. Bf3 Rd3 52. Bf4 Rxf3 53. Kxf3 Kf5 54. Bc7 Ra3+ 55. Ke2 b5 56. Bd6 Rb3 57. Kd2 a5 58. Bc5 a4 59. Kc2 Ke4 60. Bd6 Kf3 61. Bc5 g5 62. Be7 g4 63. Bc5 Ke4 64. Bd6 Kd5 65. Bf4 Kc4 66. Be5 Rf3 67. Bg3 Rxg3 68. fxg3 b4 69. Kb2 Kd3 70. Kc1 Kc3 71. Kd1 a3 72. Ke2 a2 73. Ke3 a1=Q 74. Kf4 Qd1 75. Kg5 Qf3 76. Kh4 Kd4 77. Kg5 Qxg3 78. Kf5 Qf3+ 79. Kg5 g3 80. Kh4 g2 81. Kg5 g1=Q+ 82. Kh6 Qfh1# 0-1


[Site "https://www.chess.com"]

[Event "Titled Tuesday Blitz September 28 2021"]
[White "Garcia Garcia, Alejandro"]
[Black "Szente Varga, Fruzsina"]
[WhiteFideId "3516334"]
[BlackFideId "712264"]
[WhiteElo "2131"]
[BlackElo "2106"]
[Result "1-0"]
[Round "06"]
[TimeControl "180+1"]
[Date "2021.09.28"]
[WhiteClock "0:00:10"]
[BlackClock "0:00:04"]

1. Nf3 d5 2. g3 Nf6 3. Bg2 g6 4. O-O Bg7 5. c4 c6 6. cxd5 cxd5 7. d4 O-O 8. Nc3 Nc6 9. Ne5 Ng4 10. Nxc6 bxc6 11. Bf4 Qb6 12. h3 Nf6 13. Na4 Qb5 14. Be5 Ba6 15. Re1 Nd7 16. Bxg7 Kxg7 17. Rc1 Rac8 18. b3 f6 19. e4 dxe4 20. Rxe4 e5 21. dxe5 Nxe5 22. Rc5 Qb7 23. Rd4 Rf7 24. Rd6 Bb5 25. Nc3 Qb6 26. Rxb5 cxb5 27. Rxb6 axb6 28. Nxb5 Rd7 29. Qe2 Rc1+ 30. Kh2 Rcd1 31. Qe3 R1d2 32. Qxb6 Rxa2 33. Nc3 Rc2 34. Nd5 Rf7 35. Qe6 Rxf2 36. h4 Nf3+ 37. Kh3 Ng1+ 38. Kh2 Nf3+ 39. Kh1 Nd4 40. Qe3 Rxg2 41. Kxg2 Nf5 42. Qd3 Rd7 43. Kf3 h5 44. Qc4 Rd6 45. Nf4 Nd4+ 46. Kg2 Nf5 47. Kf2 Rd2+ 48. Ke1 Rd6 49. Qc7+ Kh6 50. Qf7 g5 51. Qg6# 1-0


[Site "https://www.chess.com"]